 Dungeon Crawl Stone Soup version 0.20-a0-1016-g241539b (webtiles) character file.

94 FastMan the Shield-Bearer (level 4, -2/37 HPs)
             Began as a Formicid Fighter on Apr 16, 2017.
             Slain by Grinder (4 damage)
             ... on level 3 of the Dungeon.
             The game lasted 00:01:02 (1639 turns).

FastMan the Shield-Bearer (Formicid Fighter)        Turns: 1639, Time: 00:01:02

Health: -2/37      AC:  6    Str: 20    XL:     4   Next: 94%
Magic:  4/4        EV:  8    Int:  8    God:
Gold:   168        SH:  9    Dex: 11    Spells: 3/3 levels left

rFire    . . .     SeeInvis +   a - +2 hand axe (chop)
rCold    . . .     Gourm    .   c - +0 shield
rNeg     . . .     Faith    .   b - +0 scale mail
rPois    .         Spirit   .   (helmet unavailable)
rElec    .         Reflect  .   (no cloak)
rCorr    .         Harm     .   (no gloves)
MR       .....                  (no boots)
Stlth    ..........             (no amulet)
Regen    0.2/turn               (no ring)
MPRegen  0.1/turn               (no ring)

@: no status effects
A: permanent stasis, dig shafts and tunnels, four strong arms, antennae 3
a: Dig, Shaft Self


You were on level 3 of the Dungeon.
You were hungry.

You visited 1 branch of the dungeon, and saw 3 of its levels.

You collected 168 gold pieces.

Inventory:

Hand Weapons
 a - a +2 hand axe of chopping (weapon)
 e - a +0 war axe
Armour
 b - a +0 scale mail (worn)
 c - a +0 shield (worn)
Jewellery
 m - an uncursed ring of wizardry {unknown}
Scrolls
 g - a scroll of recharging {unknown}
 i - a scroll of enchant weapon {unknown}
 j - 2 scrolls of identify {unknown}
Potions
 d - a potion of might {@q4}
 h - a potion of brilliance {unknown}
 k - 2 potions of curing {unknown}
 l - a potion of berserk rage {unknown}
 n - a potion of heal wounds {unknown}
 o - 2 potions of haste {unknown}
Comestibles
 f - 3 bread rations {@e1}


   Skills:
 + Level 4.0 Fighting
 * Level 3.6 Axes
 - Level 3.2 Armour
 + Level 4.4 Shields


You had 3 spell levels left.
You didn't know any spells.

Dungeon Overview and Level Annotations

Branches:
Dungeon (3/15)

Altars:
Ru
Trog
The Shining One

Annotations:
D:3 Grinder


Innate Abilities, Weirdness & Mutations

You cannot be hasted, slowed, berserked, paralysed or teleported.
You can dig through walls and to a lower floor.
Your four strong arms can wield two-handed weapons with a shield.
You have a pair of large antennae on your head. (SInv)


Message History

You are too injured to fight recklessly!
You completely miss Grinder.
Grinder is moderately wounded.
Grinder closely misses you.
You closely miss Grinder.
Grinder is moderately wounded.
Grinder barely misses you.
You hit Grinder.
Grinder is heavily wounded.
You block Grinder's attack.
You hit Grinder.
Grinder is severely wounded.
You are feeling hungry.
You block Grinder's attack.
You hit Grinder but do no damage.
Grinder is severely wounded.
You block Grinder's attack. Grinder hits you.
* * * LOW HITPOINT WARNING * * *
You writhe in agony.
You die...

###########
..........#
#########.# #.#
#.# #######.###.#
###..<.[...(..#
.###...[))@5.#####
........####.#
####.#..# #...# #
#.........#
#..###>...# #..#
##.#.# #... .....
...# #..(.# #...
#.#..#


You could see Grinder.

Vanquished Creatures
  A gnoll (D:1)
  3 adders
  2 oozes (D:1)
  A worm (D:2)
  A dart slug (D:2)
  6 orcs (D:3)
  2 giant cockroaches
  3 goblins
  6 hobgoblins
  3 kobolds
  2 ball pythons
  3 bats
  3 frilled lizards (D:1)
  5 rats
41 creatures vanquished.

Notes
Turn   | Place    | Note
-------+----------+-------------------------------------------
     0 | D:1      | FastMan the Formicid Fighter began the quest for the Orb.
     0 | D:1      | Reached XP level 1. HP: 18/18 MP: 1/1
    51 | D:1      | Reached XP level 2. HP: 20/24 MP: 2/2
   147 | D:1      | Reached XP level 3. HP: 25/29 MP: 3/3
   381 | D:2      | Found a glowing golden altar of the Shining One.
   477 | D:2      | Found a sacrificial altar of Ru.
   480 | D:2      | Found a bloodstained altar of Trog.
   643 | D:2      | Reached XP level 4. HP: 31/37 MP: 4/4
  1153 | D:3      | Noticed Grinder
  1639 | D:3      | Slain by Grinder

Vault maps used:
D:1:      dpeg_arrival_rooms_with_view, st_stairs_10
D:2:      grunt_temple_overflow_open, tso_metal_star
D:3:      first_bread, portal_sewer_entry_d, minivault_26,
          nicolae_gozag_zags_fifth_avenue, uniq_grinder

Skill      XL: |  1  2  3  4 |
---------------+-------------+-----
Axes           | 3 |  3.6
Shields        | 4 |  4.4
Fighting       | 4 |  4.0
Armour         | |  3.2

Action                   |  1- 3 |  4- 6 || total
-------------------------+-------+-------++-------
Melee: War axe           |     6 |       ||     6
       Hand axe          |    66 |    60 ||   126
  Eat: Chunk             |       |     2 ||     2
Armor: Scale mail        |    31 |    11 ||    42
Dodge: Dodged            |    25 |    23 ||    48
Block: Shield            |    41 |    35 ||    76
